 Dungeon Crawl Stone Soup version 0.26-a0-663-g36e8fdb655 (webtiles) character file.

Game seed: 733541569751556763

65 timneilson the Shield-Bearer (level 4, -5/29 HPs)
             Began as a Gargoyle Fighter on Oct 11, 2020.
             Slain by Sigmund
             ... wielding a +0 scythe
              (7 damage)
             ... on level 2 of the Dungeon.
             The game lasted 00:02:10 (1568 turns).

timneilson the Shield-Bearer (Gargoyle Fighter)     Turns: 1568, Time: 00:02:10

Health: -5/29      AC: 10    Str: 21    XL:     4   Next: 13%
Magic:  4/4        EV:  7    Int:  8    God:
Gold:   79         SH:  0    Dex:  9    Spells: 3/3 levels left

rFire    . . .     SeeInvis .   a - +0 long sword
rCold    . . .     Faith    .   c - +0 kite shield
rNeg     + . .     Spirit   .   b - +0 scale mail
rPois    ∞         Reflect  .   (no helmet)
rElec    +         Harm     .   (no cloak)
rCorr    .         Rampage  .   (no gloves)
MR       .....                  (no boots)
Stlth    ..........             (no amulet)
HPRegen  0.09/turn              (no ring)
MPRegen  0.09/turn              (no ring)

@: confused
A: negative energy resistance 1, electricity resistance, unbreathing,
petrification resistance, rot immunity, AC +3
a: no special abilities


You were on level 2 of the Dungeon.
You visited 1 branch of the dungeon, and saw 2 of its levels.

You collected 79 gold pieces.

Inventory:

Hand Weapons
 a - a +0 long sword (weapon)
Armour
 b - a +0 scale mail (worn)
 c - a +0 kite shield (worn)
Jewellery
 f - an uncursed amulet of magic regeneration {unknown}
 k - an uncursed amulet of faith
Scrolls
 e - a scroll of teleportation
 g - a scroll of identify
 h - 2 scrolls of magic mapping
 i - a scroll of fear
Potions
 d - a potion of might


   Skills:
 + Level 3.6 Fighting
 * Level 2.6 Long Blades
 * Level 3.8 Armour
 * Level 4.0 Shields


You had 3 spell levels left.
You didn't know any spells.
Your spell library was empty.

Dungeon Overview and Level Annotations

Branches:
Dungeon (2/15)

Altars:

Annotations:
D:2 Sigmund


Innate Abilities, Weirdness & Mutations

You are resistant to torment.
Your stone body is resilient. (AC +3)
You are immune to poison.
You resist negative energy. (rN+)
You are resistant to electric shocks. (rElec)
You can survive without breathing.
You are immune to petrification.
You are immune to rotting.


Message History

Sigmund shouts!
Found a black potion.
Sigmund casts a spell at you.
You are confused.
Sigmund drinks a potion.
Sigmund seems to grow stronger.
Sigmund hits you from afar with a +0 scythe!
Ouch! That really hurt!
You see here a black potion.
You bump into the rock wall.
Sigmund mumbles some strange words.
Sigmund flickers and vanishes!
Deactivating autopickup; reactivate with Ctrl-A.
You miss something.
You feel less confused.
You hear some strange, mumbled words.
You are confused.
You miss something. Something hits you!
* * * LOW HITPOINT WARNING * * *
You hit something. Something hits you!
You die...

.[# #.#
##........###.#.##
..# #.#
#.######..#.##.####
..###.## #.#
#........#
####...## #.#
##>##.##.# #
#.....# #.#
#.##.##.# # #...=.#
#.# .....##.#
###.....# #.#
##.#####.#
.†.....##
#.#########.# #.#
.#####.#
#.....@!....# #.#
.#
#.#.).....{......#
###.# .#
#.#.###########.##
#...# .# #.#.# #.#
#...# .#####.#.#
#.# #...#
.......#.# #†#
##.## ....##.#.#
#.# #.# ####...#.#
#######.# #.#
.........#
#.......# #.#


There were no monsters in sight!

Vanquished Creatures
  2 adders (D:2)
  3 dart slugs
  4 leopard geckos
  A ball python (D:2)
  A giant cockroach (D:1)
  4 goblins
  7 hobgoblins
  A quokka (D:2)
  2 bats
  2 frilled lizards (D:1)
  3 kobolds (D:1)
  7 rats
37 creatures vanquished.

Notes
Turn   | Place    | Note
-------+----------+-------------------------------------------
     0 | D:1      | timneilson the Gargoyle Fighter began the quest for the
                  | Orb.
     0 | D:1      | Reached XP level 1. HP: 14/14 MP: 1/1
   167 | D:1      | Reached XP level 2. HP: 19/19 MP: 2/2
   468 | D:1      | Reached XP level 3. HP: 13/23 MP: 3/3
  1451 | D:2      | Reached XP level 4. HP: 25/29 MP: 4/4
  1555 | D:2      | Reached skill level 4 in Shields
  1559 | D:2      | Noticed Sigmund
  1568 | D:2      | Slain by Sigmund

Illustrated notes

Levels and vault maps discovered:
D:1:      dpeg_arrival_erosion, layout_basic, minmay_crystal_room,
          minmay_tromino_mix6
D:2:      layout_loops_ring, uniq_sigmund

Skill      XL: |  1  2  3  4 |
---------------+-------------+-----
Long Blades    | 2 |  2.6
Shields        | 4 |  4.0
Fighting       | |  3.6
Armour         | |  3.8

Action                   |  1- 3 |  4- 6 || total
-------------------------+-------+-------++-------
Melee: Long sword        |   140 |     4 ||   144
  Use: Scroll            |     7 |       ||     7
Armor: Scale mail        |    84 |       ||    84
Dodge: Dodged            |    52 |       ||    52
Block: Kite shield       |    71 |     2 ||    73
       Rpst.: Long sword |    19 |       ||    19

Table legend: (Time is in decaauts)
 A = Elapsed time spent in this place.
 B = Non-inter-level travel time spent in this place.
 C = Inter-level travel time spent in this place.
 D = Time resting spent in this place.
 E = Time spent auto-exploring this place.
 F = Levels seen in this place.
 G = Mean time per level.
                   A        B        C        D        E       F      G
               +--------+--------+--------+--------+--------+-----+--------+
         Total |   1619 |   1595 |     24 |      0 |   1266 |   2 |  809.5 |
       Dungeon |   1619 |   1595 |     24 |      0 |   1266 |   2 |  809.5 |
               +--------+--------+--------+--------+--------+-----+--------+

Top non-repeatable levels by time:
     D:1: 1097 daAuts
     D:2: 521 daAuts
